 Dungeon Crawl Stone Soup version 0.21.1-1-g345015f (webtiles) character file.

233 joklet the Thaumaturge (level 5, 0/28 HPs)
             Began as a Deep Elf Conjurer on Mar 15, 2018.
             Slain by warwik96's ghost (17 damage)
             ... on level 4 of the Dungeon.
             The game lasted 00:05:42 (2283 turns).

joklet the Thaumaturge (Deep Elf Conjurer)          Turns: 2283, Time: 00:05:43

Health: 0/28       AC:  3    Str:  5    XL:     5   Next: 75%
Magic:  1/17       EV: 17    Int: 21    God:
Gold:   68         SH:  0    Dex: 15    Spells: 10/20 levels left

rFire    . . .     SeeInvis .   u - +0 long sword
rCold    . . .     Gourm    .   (no shield)
rNeg     . . .     Faith    .   a - +0 robe
rPois    .         Spirit   .   (no helmet)
rElec    .         Reflect  .   (no cloak)
rCorr    .         Harm     .   (no gloves)
MR       .....                  r - +0 pair of boots
Stlth    ++........             (no amulet)
HPRegen  0.09/turn              p - +4 ring of evasion
MPRegen  0.15/turn              (no ring)

@: no status effects
A: no striking features
a: no special abilities


You were on level 4 of the Dungeon.
You were not hungry.

You visited 1 branch of the dungeon, and saw 4 of its levels.

You collected 68 gold pieces.

Inventory:

Hand Weapons
 u - a +0 long sword (weapon)
Armour
 a - a +0 robe (worn)
 r - a +0 pair of boots (worn)
Jewellery
 p - a +4 ring of evasion (left hand)
Scrolls
 e - 2 scrolls of identify {unknown}
 g - a scroll of teleportation {unknown}
 m - a scroll of remove curse {unknown}
 n - 3 scrolls of fog {unknown}
 q - a scroll of amnesia {unknown}
 s - a scroll of enchant armour {unknown}
Potions
 d - 2 potions of mutation {unknown}
 f - 5 potions of curing {unknown}
 h - 2 potions of invisibility {unknown}
 i - a potion of brilliance {unknown}
 j - a potion of resistance {unknown}
 k - a potion of lignification {unknown}
 l - a potion of ambrosia {unknown}
 o - a potion of degeneration {unknown}
Books
 b - a book of Conjurations

   Spells                             Type                      Level
   a - Magic Dart                     Conjuration                  1
   b - Searing Ray                    Conjuration                  2
   c - Dazzling Spray                 Conjuration/Hexes            3
   d - Fulminant Prism                Conjuration/Hexes            4
   e - Force Lance                    Conjuration/Translocation    4
   f - Iskenderun's Mystic Blast      Conjuration                  4
Comestibles
 c - 10 rations


   Skills:
 - Level 2.4 Dodging
 - Level 2.4 Stealth
 * Level 8.2 Spellcasting
 + Level 4.3 Conjurations


You had 10 spell levels left.
You knew the following spells:

 Your Spells              Type           Power        Failure   Level  Hunger
a - Magic Dart            Conj           ####         1%          1    None
b - Searing Ray           Conj           ####..       1%          2    None
c - Dazzling Spray        Conj/Hex       ###...       10%         3    None
d - Iskenderun's Mystic   Conj           ####....     13%         4    ###....


Dungeon Overview and Level Annotations

Branches:
Dungeon (4/15)
 Temple: D:4-7

Altars:
Ashenzari
Dithmenos
Hepliaklqana
Ru

Annotations:
D:4 warwik96's ghost, novice TrMo


Message History

Aim: warwik96's ghost (severely damaged)
The searing ray hits warwik96's ghost.
Warwik96's ghost is severely damaged. (Press . to maintain the ray.) Warwik96's ghost barely misses you.
You riposte.
You hit warwik96's ghost but do no damage.
Warwik96's ghost is severely damaged.
The searing ray hits warwik96's ghost.
Warwik96's ghost is almost destroyed.
Warwik96's ghost barely misses you.
The searing ray hits warwik96's ghost.
Warwik96's ghost is almost destroyed.
Warwik96's ghost barely misses you.
You riposte.
You hit warwik96's ghost but do no damage.
Warwik96's ghost is almost destroyed.
You hit warwik96's ghost.
Warwik96's ghost is almost destroyed.
Warwik96's ghost hits you!
Ouch! That really hurt!
You die...

#...
#....
#....
#....
#....###
#...#
#..<#
##+##..W#
.......@#
.....##+#
.....
.... ....
...


You could see warwik96's ghost.

Vanquished Creatures
  An orc priest (D:3)
  An orc wizard (D:3)
  2 worker ants (D:4)
  A hound zombie (D:3)
  4 adders
  2 oozes
  A worm (D:3)
  2 dart slugs
  2 leopard geckos
  8 orcs (D:3)
  6 bats
  A giant cockroach (D:2)
  6 goblins
  5 hobgoblins
  3 jackals (D:2)
  2 quokkas (D:3)
  A ball python (D:2)
  5 frilled lizards
  8 rats
61 creatures vanquished.

Notes
Turn   | Place    | Note
-------+----------+-------------------------------------------
     0 | D:1      | joklet the Deep Elf Conjurer began the quest for the Orb.
     0 | D:1      | Reached XP level 1. HP: 10/10 MP: 6/6
   269 | D:1      | Reached skill level 4 in Spellcasting
   269 | D:1      | Reached XP level 2. HP: 15/15 MP: 6/9
   577 | D:1      | Learned a level 2 spell: Searing Ray
   839 | D:2      | Reached skill level 5 in Spellcasting
   839 | D:2      | Reached XP level 3. HP: 15/19 MP: 6/11
  1114 | D:2      | Found a shattered altar of Ashenzari.
  1114 | D:2      | Found a sacrificial altar of Ru.
  1261 | D:3      | Reached skill level 6 in Spellcasting
  1261 | D:3      | Reached XP level 4. HP: 24/24 MP: 7/14
  1525 | D:3      | Reached skill level 7 in Spellcasting
  1525 | D:3      | Reached XP level 5. HP: 15/28 MP: 1/16
  1728 | D:3      | Found a shadowy altar of Dithmenos.
  1796 | D:3      | Found a hazy altar of Hepliaklqana.
  2171 | D:4      | Reached skill level 8 in Spellcasting
  2205 | D:4      | Noticed warwik96's ghost (novice TrMo)
  2211 | D:3      | Learned a level 3 spell: Dazzling Spray
  2216 | D:3      | Learned a level 4 spell: Iskenderun's Mystic Blast
  2283 | D:4      | Slain by warwik96's ghost

Skill      XL: |  1  2  3  4  5 |
---------------+----------------+-----
Spellcasting   | 4 5 6 7 8 |  8.2
Dodging        | |  2.4
Stealth        | |  2.4
Conjurations   | |  4.3

Action                   |  1- 3 |  4- 6 || total
-------------------------+-------+-------++-------
Melee: Hand axe          |       |     8 ||     8
       Unarmed           |       |     3 ||     3
       Long sword        |       |     5 ||     5
 Cast: Magic Dart        |    41 |    47 ||    88
       Searing Ray       |     2 |    11 ||    13
       Dazzling Spray    |       |     1 ||     1
  Eat: Chunk             |       |     4 ||     4
Armor: Robe              |       |     6 ||     6
Dodge: Dodged            |     4 |    23 ||    27
       Rpst.: Long sword |       |     7 ||     7
